 Dungeon Crawl Stone Soup version 0.31-a0-152-g6aa68a64a1 (webtiles) character file.

Game seed: 13823326582245650230

119 qw the Shooter (level 4, 0/40 HPs)
             Began as a Minotaur Hunter on June 10, 2023.
             Killed from afar by an orc wizard (7 damage)
             ... with a magic dart
             ... on level 4 of the Dungeon.
             The game lasted 00:00:51 (2009 turns).

qw the Shooter (Minotaur Hunter)                    Turns: 2009, Time: 00:00:51

Health: 0/40       AC:  3    Str: 15    XL:     4   Next: 74%
Magic:  3/3        EV: 12    Int:  6    God:
Gold:   87         SH:  0    Dex: 16    Spells: 3/3 levels left

rFire   . . .        Y - +0 shortbow
rCold   . . .        (shield currently unavailable)
rNeg    . . .        c - +0 leather armour
rPois   +            (helmet restricted)
rElec   .            (no cloak)
rCorr   .            (no gloves)
SInv    +            (no boots)
Will    .....        l - amulet of faith
Stlth   +            a - ring of see invisible
HPRegen 0.26/turn    i - ring of poison resistance
MPRegen 0.08/turn

%: faith
@: no status effects
A: horns 2, retaliatory headbutt
a: no special abilities


You were on level 4 of the Dungeon.
You visited 1 branch of the dungeon, and saw 4 of its levels.

You collected 162 gold pieces.
You spent 75 gold pieces at shops.


Innate Abilities, Weirdness & Mutations

You have a pair of horns on your head.
You reflexively headbutt those who attack you in melee.


   Skills:
 - Level 4.0 Fighting
 + Level 6.1 Ranged Weapons
 - Level 2.1 Dodging
 - Level 0.7 Stealth


You had 3 spell levels left.
You didn't know any spells.
Your spell library was empty.

Inventory:

Hand Weapons
 Y - a +0 shortbow (weapon)
Armour
 c - a +0 leather armour (worn)
 m - the +0 ring mail of Otuver {Harm rPois rF+ Dex+2}
   (You found it on level 3 of the Dungeon)

   Dex:       It affects your dexterity (+2).
   rF:        It protects you from fire.
   rPois:     It protects you from poison.
   Harm:      It increases damage dealt and taken.
 o - a +0 ring mail
Jewellery
 a - a ring of see invisible (left hand)
 i - a ring of poison resistance (right hand)
 l - an amulet of faith (around neck)
Scrolls
 b - 3 scrolls of teleportation
 e - a scroll of immolation {unknown}
 h - a scroll of identify
 j - a scroll of enchant armour
 n - a scroll of enchant weapon {unknown}
Potions
 d - a potion of mutation
 f - a potion of degeneration {unknown}
 g - a potion of brilliance {unknown}
 k - a potion of attraction {unknown}

Dungeon Overview and Level Annotations

Branches:
Dungeon (4/15)
 Temple: D:4-7

Altars:

Shops:
D:1 ?


Message History

Your Fighting skill increases to level 4!
An orc wizard and an orc come into view.
The orc wizard shouts!
Enter note:
Enter note:
Enter note:
Enter note:
Enter note:
Enter note: You shoot an arrow.
The orc shouts!
The arrow hits the orc wizard!
The orc wizard is severely wounded.
An orc comes into view. It is wielding a +0 whip.
The orc wizard gestures at you while chanting.
You are confused.
The orc shouts!
You feel less confused. The orc wizard casts a spell at you.
You resist with some effort.
You shoot an arrow. The arrow hits the orc wizard.
The orc wizard is severely wounded.
The orc wizard casts a spell at you.
You are confused.
The orc closely misses you. The orc wizard closely misses you.
The orc hits you with a +0 whip.
The orc wizard hits you with a +0 dagger.
The orc barely misses you.
The orc wizard hits you with a +0 dagger.
The orc hits you with a +0 whip.
You feel less confused. The orc hits you with a +0 whip.
The orc wizard points at you and mumbles some strange words.
The magic dart hits you. The orc hits you with a +0 war axe!
You shoot an arrow.
The arrow closely misses the orc wizard.
The orc hits you with a +0 whip.
The orc wizard points at you and mumbles some strange words.
The magic dart hits you!
You die...

#.#...#.#####...###.#
#...........<.......#
###...#.#####...###.#
##.#...####...###.#
#..........#..##..
####...####.>..####
#............#.#
#.###.#####..#o####...
#.# #.#####...@o......
#.# #....##.##o##.....
#.# ####.##.##... ...
#.# #.##.#####.. . #.#
#.##.# ... #.#
#.##.#######..
#.######........... .
#...........#######
#############


You could see an orc wizard and 2 orcs.

Vanquished Creatures
  A jelly (D:4)
  An adder (D:2)
  3 gnolls (D:4)
  A worm (D:4)
  A dart slug (D:3)
  3 ball pythons
  5 bats
  9 endoplasms
  2 giant cockroaches (D:1)
  A goblin (D:1)
  2 hobgoblins
  4 quokkas
  3 frilled lizards
  6 kobolds
  4 rats
46 creatures vanquished.

Notes
Turn   | Place    | Note
-------+----------+-------------------------------------------
     0 | D:1      | qw the Minotaur Hunter began the quest for the Orb.
     0 | D:1      | Reached XP level 1. HP: 18/18 MP: 0/0
     0 | D:1      | 0 ||| qw: Version: 0.2-a-122-gbc61b45
     0 | D:1      | 0 ||| qw: Game counter: 3629
     0 | D:1      | 0 ||| qw: Always use a shield: true
     0 | D:1      | 0 ||| qw: God list: Okawaru
     0 | D:1      | 0 ||| qw: Allow faded altars: false
     0 | D:1      | 0 ||| qw: Do Orc after D:15 true
     0 | D:1      | 0 ||| qw: Do second Lair branch before Depths: true
     0 | D:1      | 0 ||| qw: Lair rune preference: random
     0 | D:1      | 0 ||| qw: Plans: Normal
     0 | D:1      | 0 ||| PLANNING D:1-11
   280 | D:1      | Reached XP level 2. HP: 25/25 MP: 1/1
   319 | D:1      | Reached skill level 5 in Ranged Weapons
   551 | D:1      | Found Satuckuh's Magic Scroll Emporium.
   554 | D:1      | 554 ||| SHOPLISTING 3 scrolls of teleportation (90 gold,
                  | have 85).
   554 | D:1      | 554 ||| BUYING scroll of enchant armour (75 gold).
   554 | D:1      | Bought a scroll of enchant armour for 75 gold pieces
   554 | D:1      | 554 ||| SHOPLISTING scroll of identify (20 gold, have 10).
   554 | D:1      | 554 ||| SHOPLISTING scroll of teleportation (30 gold, have
                  | 10).
   670 | D:1      | 670 ||| READING scroll labelled INUOMOC LEIMM.
   671 | D:1      | 671 ||| READING scroll labelled NEGEQO NEADAAR.
   672 | D:1      | 672 ||| DROPPING scroll of butterflies.
   766 | D:2      | Reached skill level 3 in Fighting
   766 | D:2      | Found a faded altar of an unknown god.
   934 | D:2      | Reached XP level 3. HP: 31/31 MP: 2/2
  1127 | D:2      | You fall into a shaft and drop 1 floor!
  1197 | D:3      | 1197 ||| DROPPING scarf of invisibility.
  1198 | D:3      | 1198 ||| UPGRADING to ring of see invisible.
  1199 | D:3      | 1199 ||| READING 3 scrolls labelled QOIPADUNAPN.
  1203 | D:3      | 1203 ||| DRINKING 2 viscous inky potions.
  1204 | D:3      | 1204 ||| DROPPING potion of magic.
  1205 | D:3      | 1205 ||| Stepping randomly (stuck).
  1206 | D:3      | 1206 ||| Stepping randomly (stuck).
  1207 | D:3      | 1207 ||| Stepping randomly (stuck).
  1208 | D:3      | 1208 ||| Stepping randomly (stuck).
  1209 | D:3      | 1209 ||| Stepping randomly (stuck).
  1210 | D:3      | 1210 ||| Stepping randomly (stuck).
  1211 | D:3      | 1211 ||| Stepping randomly (stuck).
  1212 | D:3      | 1212 ||| Stepping randomly (stuck).
  1213 | D:3      | 1213 ||| Stepping randomly (stuck).
  1214 | D:3      | 1214 ||| Stepping randomly (stuck).
  1215 | D:3      | 1215 ||| Stepping randomly (stuck).
  1216 | D:3      | 1216 ||| Stepping randomly (stuck).
  1217 | D:3      | 1217 ||| Stepping randomly (stuck).
  1218 | D:3      | 1218 ||| Stepping randomly (stuck).
  1219 | D:3      | 1219 ||| Stepping randomly (stuck).
  1220 | D:3      | 1220 ||| Stepping randomly (stuck).
  1267 | D:3      | 1267 ||| UPGRADING to ring of poison resistance.
  1497 | D:3      | Identified the +0 ring mail of Otuver {Harm rPois rF+
                  | Dex+2}
  1654 | D:3      | 1654 ||| UPGRADING to amulet of faith.
  1659 | D:3      | 1659 ||| READING scroll labelled UWESCH IHON.
  1660 | D:3      | 1660 ||| DRINKING 2 metallic black potions.
  1661 | D:3      | 1661 ||| READING 2 scrolls of identify.
  1661 | D:3      | 1661 ||| IDENTIFYING lumpy blue potion
  1662 | D:3      | 1662 ||| DROPPING potion of enlightenment.
  1768 | D:4      | Reached skill level 6 in Ranged Weapons
  1768 | D:4      | Reached XP level 4. HP: 38/38 MP: 3/3
  2009 | D:4      | HP: 7/40 [orc/+0 whip (6)]
  2009 | D:4      | Killed from afar by an orc wizard

Levels and vault maps discovered:
D:1:      wander_arrival_lonely_grave, layout_loops_cross, serial_shops,
          nicolae_shop_rolled_up, minmay_misc_feat_roman, minmay_octomino_c4
D:2:      layout_loops_ring, shapermc_ecumenical_altar_gd, hex_large
D:3:      layout_rooms
D:4:      layout_loops_ring

Skill      XL: |  1  2  3  4 |
---------------+-------------+-----
Ranged Weapons | 5 6 |  6.1
Fighting       | 3 4 |  4.0
Dodging        | |  2.1
Stealth        | |  0.7

Action                     |  1- 3 |  4- 6 || total
---------------------------+-------+-------++-------
   Fire: Shortbow          |   106 |    28 ||   134
    Use: Scroll            |     5 |       ||     5
         Potion            |     2 |       ||     2
 Armour: Leather armour    |     9 |     1 ||    10
  Dodge: Dodged            |    32 |     8 ||    40

Table legend:
 A = Non-vault XP
 B = Vault XP
 C = Vault XP percentage of total XP
 D = Non-vault monster count
 E = Vault monster count
 F = Vault count percentage of total count
                 A         B        C        D         E       F
            +---------+---------+-------+---------+---------+-------
      Total |     162 |       9 |   5.3 |      40 |       6 |  13.0
            +---------+---------+-------+---------+---------+-------
        D:1 |      15 |       9 |  37.5 |       8 |       6 |  42.9
        D:2 |      30 |       0 |   0.0 |      13 |       0 |   0.0
        D:3 |      19 |       0 |   0.0 |      10 |       0 |   0.0
        D:4 |      98 |       0 |   0.0 |       9 |       0 |   0.0
            +---------+---------+-------+---------+---------+-------
